 Dungeon Crawl Stone Soup version 0.14-a0-3520-g290746a (webtiles) character file.

236 KaKa the Ruinous (level 4, 0/18 HPs)
             Began as a Felid Conjurer on Mar 27, 2014.
             Slain by Pikel
             ... wielding a +0,+1 whip of flaming
              (5 damage)
             ... on Level 4 of the Dungeon.
             The game lasted 00:19:23 (3277 turns).

KaKa the Ruinous (Felid Conjurer)                   Turns: 3277, Time: 00:19:24

HP   0/18        AC  1     Str  5      XL: 4   Next: 41%
MP   8/13        EV 18     Int 16      God:
Gold 140         SH  0     Dex 16      Spells:  2 memorised,  7 levels left
Lives: 0, deaths: 1

rFire  . . .     SeeInvis +     (weapon unavailable)
rCold  . . .     Clarity  .     (armour unavailable)
rNeg   + . .     Conserve .     (shield unavailable)
rPois  .         rCorr    .     (helmet unavailable)
rElec  .         rRot     .     (cloak unavailable)
SustAb . .       Spirit   .     (gloves unavailable)
rMut   +         Warding  .     (boots unavailable)
Saprov . . .     Stasis   .     q - amulet of resist mutation
MR     .....                    (no ring)
                                s - ring of positive energy {unknown}

@: quick, not resistant to hostile enchantments, stealthy
A: paw claws, no armour, no weapons or thrown items, fangs 3, see invisible,
carnivore 3, speed 1, shaggy fur 1, slow metabolism 1, jump 1
a: Jump Attack


You were on level 4 of the Dungeon.
You were not hungry.

You visited 1 branch of the dungeon, and saw 6 of its levels.

You collected 140 gold pieces.

Inventory:

Comestibles
 b - 3 meat rations
Scrolls
 a - 2 scrolls of teleportation
 f - a scroll of identify
 g - a scroll of enchant armour {unknown}
 h - 2 scrolls of magic mapping {unknown}
 n - a scroll of immolation {unknown}
 p - a scroll of enchant weapon II {unknown}
 r - a scroll of blinking {unknown}
Jewellery
 q - an amulet of resist mutation (around neck)
 s - a ring of positive energy (left paw) {unknown}
Potions
 d - a potion of haste {unknown}
 e - 2 potions of curing
 i - a potion of restore abilities {unknown}
 j - 2 potions of degeneration {unknown}
 k - a potion of brilliance {unknown}
 l - a potion of lignification {unknown}
 m - a potion of magic {unknown}
 o - a potion of poison {unknown}
 t - a potion of might {unknown}
Books
 c - a book of Conjurations

   Spells                             Type                      Level
   *Magic Dart                        Conjuration                  1
   *Searing Ray                       Conjuration                  2
   Dazzling Spray                     Conjuration/Hexes            3
   Fulminant Prism                    Conjuration/Hexes            4
   Iskenderun's Mystic Blast          Conjuration                  4
   Iskenderun's Battlesphere          Conjuration/Charms           5


   Skills:
 - Level 2.6 Dodging
 - Level 2.6 Stealth
 + Level 3.6 Spellcasting
 + Level 4.8 Conjurations


You had 7 spell levels left.
You knew the following spells:

 Your Spells              Type           Power        Failure   Level  Hunger
a - Magic Dart            Conj           ###.         2%          1    None
b - Searing Ray           Conj           ###...       4%          2    ##.....


Dungeon Overview and Level Annotations

Branches:
Dungeon (6/15)             Temple (0/1) D:5

Altars:
Cheibriados

Shops:
D:5 :

Annotations:
D:4 Pikel
D:5 Eustachio


Innate Abilities, Weirdness & Mutations

You cannot wear armour.
You are incapable of wielding weapons or throwing items.
Your paws have sharp claws.
You have razor-sharp teeth.
You have supernaturally acute eyesight.
You are carnivorous and can eat meat at any time.
You cover ground quickly.
You are covered in fur (AC +1).
You have a slow metabolism.
You can jump attack at a short distance.


Message History

You can't see any susceptible monsters within range! (Use Z to cast anyway.)
Casting: Magic Dart
Confirm with . or Enter, or press ? or * to list all spells.
Aiming: Searing Ray
Press: ? - help, Shift-Dir - straight line, f - Pikel
Aim: Pikel, wielding a glowing whip and wearing a robe The searing ray misses Pikel.
The searing ray misses Pikel.
The searing ray hits Pikel.
Pikel is lightly wounded.
The searing ray hits Pikel.
Pikel is moderately wounded.
The searing ray hits the slave.
The slave is lightly wounded.
The slave shouts!
Pikel hits you with a glowing whip!
Ouch! That really hurt!
* * * LOW HITPOINT WARNING * * *
Pikel burns you.
You die...

#......# #......# #......#
#......# #......#
#......###################
#.........................
#................@........
#.....>..@K@...@..........
#......###################
#......# #......# #......#
#......# #......# #......#
#......#


You could see Pikel and 3 slaves.

Vanquished Creatures
  A giant frog skeleton (D:5)
  4 adders
  A giant mite (D:4)
  A worm (D:2)
  A giant gecko (D:2)
  An ooze (D:2)
  12 orcs (D:3)
  6 bats
  A giant cockroach (D:3)
  4 hobgoblins (D:1)
  3 jackals (D:1)
  A ball python (D:1)
  2 giant newts
  6 goblins
  5 kobolds (D:1)
  8 rats
57 creatures vanquished.

Notes
Turn   | Place    | Note
--------------------------------------------------------------
     0 | D:1      | KaKa, the Felid Conjurer, began the quest for the Orb.
     0 | D:1      | Reached XP level 1. HP: 7/7 MP: 4/4
   408 | D:1      | Reached XP level 2. HP: 11/11 MP: 0/6
   847 | D:1      | Reached skill level 4 in Conjurations
  1074 | D:1      | Learned a level 2 spell: Searing Ray
  1348 | D:2      | Reached XP level 3. HP: 14/14 MP: 2/8
  2152 | D:3      | Reached XP level 4. HP: 18/18 MP: 4/12
  2691 | D:4      | Noticed an ogre
  2722 | D:4      | Noticed a slave
  2723 | D:4      | Slain by an ogre
  2724 | D:4      | Reached XP level 3. HP: -2/14 MP: 3/10
  2749 | D:4      | Noticed Pikel
  2757 | D:4      | Noticed a slave
  2762 | D:4      | Noticed a slave
  2763 | D:4      | Noticed a slave
  2810 | D:5      | Entered Level 5 of the Dungeon
  2810 | D:5      | Found Gegromug's Book Shoppe.
  2908 | D:5      | Reached XP level 4. HP: 10/18 MP: 7/13
  3095 | D:5      | Found a staircase to the Ecumenical Temple.
  3098 | D:5      | Found a snail-covered altar of Cheibriados.
  3124 | D:5      | Noticed Eustachio
  3277 | D:4      | Slain by Pikel

Action                   |  1- 3 |  4- 6 || total
-------------------------+-------+-------++-------
Melee: Unarmed           |    48 |     8 ||    56
 Cast: Magic Dart        |    95 |    25 ||   120
       Searing Ray       |     8 |     3 ||    11
  Use: Scroll            |       |     2 ||     2
       Potion            |       |     1 ||     1
 Stab: Sleeping          |     1 |       ||     1
